 Dungeon Crawl Stone Soup version 0.25-a0-41-g6cf4ce5 (webtiles) character file.

Game seed: 13554852982029906310, levelgen mode: deterministic

34140 BoppinsLewinski the Cruncher (level 13, 0/82 HPs)
             Began as a Gargoyle Gladiator on Oct 21, 2019.
             Was an Initiate of Uskayaw.
             Slain by a catoblepas (15 damage)
             ... on level 5 of the Lair of Beasts.
             The game lasted 00:40:27 (16000 turns).

BoppinsLewinski the Cruncher (Gargoyle Gladiator)  Turns: 16000, Time: 00:40:27

Health: 0/82       AC: 31    Str: 21    XL:     13   Next: 75%
Magic:  14/19      EV: 10    Int:  9    God:    Uskayaw [......]
Gold:   850        SH:  0    Dex: 13    Spells: 12/12 levels left

rFire    + . .     SeeInvis .   a - +0 quarterstaff
rCold    . . .     Gourm    .   (shield currently unavailable)
rNeg     + + .     Faith    .   n - +0 plate armour
rPois    ∞         Spirit   .   d - +2 helmet
rElec    +         Reflect  .   x - +0 cloak
rCorr    +         Harm     .   t - +0 pair of gloves
MR       .....                  H - +0 pair of boots
Stlth    ..........             s - amulet of rage
HPRegen  0.23/turn              K - ring "Obru" {rF+ rN+}
MPRegen  0.16/turn              G - ring of resist corrosion

@: no status effects
A: negative energy resistance 1, electricity resistance, unbreathing,
petrification resistance, rot immunity, AC +9
a: Renounce Religion, Evoke Berserk Rage


You were on level 5 of the Lair of Beasts.
You worshipped Uskayaw.
Uskayaw was aware of your devotion.
You were not hungry.

You visited 2 branches of the dungeon, and saw 14 of its levels.
You also visited: Bailey.

You collected 850 gold pieces.

Inventory:

Hand Weapons
 a - a +0 quarterstaff (weapon)
Armour
 d - a +2 helmet (worn)
 n - a +0 plate armour (worn)
 t - a +0 pair of gloves (worn)
 x - a +0 cloak (worn)
 H - a +0 pair of boots (worn)
Jewellery
 p - an uncursed amulet of magic regeneration
 s - an amulet of rage (around neck)
 w - an uncursed ring of fire
 B - an uncursed amulet of the acrobat {unknown}
 F - an uncursed ring of ice
 G - a ring of resist corrosion (right hand)
 K - the ring "Obru" (left hand) {rF+ rN+}
   (You found it on level 7 of the Dungeon)

   [ring of positive energy]

   It protects you from fire.
   It protects you from negative energy.
Wands
 k - a wand of enslavement (22)
 y - a wand of polymorph (19)
 z - a wand of iceblast (9)
 A - a wand of random effects (14)
 C - a wand of flame (3)
Scrolls
 b - 6 scrolls of remove curse
 c - a scroll of enchant weapon {unknown}
 e - 2 scrolls of blinking
 g - 6 scrolls of identify
 i - a scroll of enchant armour
 l - a scroll of random uselessness
 o - 9 scrolls of teleportation
 u - 5 scrolls of amnesia
 M - 3 scrolls of magic mapping
 O - a scroll of fear {unknown}
 P - a scroll of acquirement {unknown}
Potions
 h - 2 potions of flight
 j - a potion of ambrosia
 m - a potion of lignification
 q - a potion of cancellation
 r - 3 potions of magic
 D - a potion of brilliance
 E - 5 potions of curing
 I - a potion of mutation {unknown}
Miscellaneous
 J - a lamp of fire (inert)
Comestibles
 f - 29 rations


   Skills:
 + Level 9.8 Fighting
 * Level 12.5 Staves
 - Level 1.7 Throwing
 + Level 9.6 Armour
 + Level 7.9 Dodging
 + Level 9.1 Invocations
 + Level 7.6 Evocations


You had 12 spell levels left.
You didn't know any spells.
Your spell library contained the following spells:

 Spells                   Type           Power        Failure   Level  Hunger
 Sting                    Conj/Pois      #...         99%         1    ##.....
 Poisonous Vapours        Pois/Air       #.....       100%        2    ###....
 Conjure Flame            Conj/Fire      #.......     100%        3    ####...
 Mephitic Cloud           Conj/Pois/Air  #.......     100%        3    ####...
 Ice Form                 Ice/Tmut       #.......     100%        4    #####..
 Olgreb's Toxic Radiance  Pois           #.......     100%        4    #####..
 Bolt of Magma            Conj/Fire/Erth #.........   100%        5    ######.
 Iskenderun's Battlesphe  Conj/Chrm      #.......     100%        5    ######.
 Metabolic Englaciation   Hex/Ice        #.........   100%        5    ######.
 Venom Bolt               Conj/Pois      #.........   100%        5    ######.
 Bolt of Cold             Conj/Ice       #.........   100%        6    #######
 Freezing Cloud           Conj/Ice/Air   #.........   100%        6    #######
 Iron Shot                Conj/Erth      #.........   100%        6    #######
 Ozocubu's Refrigeration  Ice            #.........   100%        6    #######
 Simulacrum               Ice/Necr       #.........   100%        6    #######
 Orb of Destruction       Conj           #.........   100%        7    #######
 Ring of Flames           Chrm/Fire      #.........   100%        7    #######
 Spellforged Servitor     Conj/Summ      #.........   100%        7    #######


Dungeon Overview and Level Annotations

Branches:
Dungeon (8/15)             Temple (0/1) D:6            Lair (6/6) D:8
 Shoals (0/4) Lair:4        Snake (0/4) Lair:3        Slime (0/5) Lair:5
 Bailey (visited)

Altars:
Dithmenos
Elyvilon
Hepliaklqana
Kikubaaqudgha
Nemelex Xobeh
Okawaru
Qazlal
Ru
Trog
Uskayaw
Xom
Yredelemnul
Zin
Jiyva

Shops:
D:8 *

Annotations:
D:4 3 runed translucent doors, stealthycow100's ghost, amateur TrBe


Innate Abilities, Weirdness & Mutations

You are resistant to torment.
Your stone body is resilient. (AC +9)
You are immune to poison.
You resist negative energy. (rN+)
You are resistant to electric shocks. (rElec)
You can survive without breathing.
You are immune to petrification.
You are immune to rotting.


Message History

Unknown command.
Tha catoblepas gores ye!
Unknown command.
Ye sock tha catoblepas!
Tha catoblepas be heavily wounded.
Unknown command.
Ye hit tha catoblepas but do nay damage.
Tha catoblepas be heavily wounded.
Tha catoblepas gores ye but does nay damage.
Unknown command.
Ye stomp wit tha beat, sendin' a shockwave through tha revelers around ye!
Tha catoblepas be severely wounded.
Ye feel somewhat more hungry.
Ye can nay longer stomp wit tha beat.
Tha catoblepas gores ye!
* * * LOW HITPOINT WARNIN'
* * * Ye hit tha catoblepas but do nay damage.
Tha catoblepas be severely wounded.
Tha catoblepas gores ye!
Ye die...

#..##.............(P...#..,,,*,,,
.............).......§....,,,*,,,
P....#.#.........>..§P.#..,,,,,,,
#.....#.#.##..#....§......,,,,,,,
......##########.#§.......,,,*P,,
.....## ####.........,,,**,,
..P.#.# ###.#.#.#......,,,*,,,
#....#######...Y....#.....,,,**,,
.....##....##...@.##..##.,,,,,,,,
#....###...##...###*,,,*,,,,,,,,P
......#....##.### **,,*,*,,,,,,*
.......#P......#****,,,,*,,,*,,,,
.P........P......#*,,,*,**,,**,,,
....................,,,***,,*,,,,
.................##..,,***,P**,,,
...##............#,*.,,,,,,,,,,,*
..#*##..P...>..#...,,,,,,,,,,,,,,


You could see a catoblepas.

Vanquished Creatures
  An orc warlord (Bailey)
  5 hydras
  3 death yaks (D:8)
  An oklob plant (Lair:3)
  An ugly thing (D:7)
  5 black mambas
  A rime drake (Lair:4)
  6 spiny frogs
  A komodo dragon (Lair:5)
  Prince Ribbit (D:7)
  Grinder (D:6)
  5 blink frogs
  2 hippogriffs (Lair:4)
  7 dream sheep (Lair:4)
  2 basilisks
  15 yaks
  A wyvern (Lair:2)
  A steam dragon (Lair:4)
  12 water moccasins
  Edmund (D:5)
  6 porcupines
  5 orc warriors
  2 ice beasts (D:5)
  A black bear (Lair:3)
  2 phantoms (D:8)
  A sky beast (D:8)
  4 ogres
  2 necrophages
  3 centaurs
  19 wolves
  6 crocodiles
  6 bullfrogs
  A water moccasin zombie (D:7)
  3 scorpions
  A wight (D:7)
  2 howler monkeys
  4 crimson imps
  A jelly (D:6)
  A bullfrog zombie (D:5)
  6 orc wizards
  A bullfrog skeleton (D:7)
  4 hounds
  2 orc priests
  2 centaur skeletons
  4 iguanas
  7 worker ants
  A hound skeleton (D:7)
  2 gnolls (Bailey)
  14 adders
  2 shadow imps
  An ooze (D:3)
  2 adder skeletons
  4 worms
  3 dart slugs
  3 leopard geckos
  27 orcs
  2 ball pythons
  6 giant cockroaches
  4 goblins
  11 hobgoblins
  7 jackals
  4 quokkas
  5 bats
  2 frilled lizards
  A giant cockroach zombie (D:6)
  19 kobolds
  A leopard gecko skeleton (D:5)
  A quokka skeleton (D:6)
  6 rats
  A bush (Lair:3)
297 creatures vanquished.

Vanquished Creatures (others)
  4 fungi (Lair:1)
  3 plants (Lair:6)
7 creatures vanquished.

Grand Total: 304 creatures vanquished

Notes
Turn   | Place    | Note
-------+----------+-------------------------------------------
     0 | D:1      | BoppinsLewinski the Gargoyle Gladiator began the quest for
                  | the Orb.
     0 | D:1      | Reached XP level 1. HP: 12/12 MP: 1/1
   108 | D:1      | Reached XP level 2. HP: 17/18 MP: 2/2
   676 | D:2      | Reached skill level 1 in Armour
   731 | D:2      | Reached XP level 3. HP: 17/22 MP: 3/3
   840 | D:2      | Found a hide-covered altar of Uskayaw.
   850 | D:2      | Became a worshipper of Uskayaw the Reveler
   933 | D:2      | Reached * piety under Uskayaw
  1159 | D:2      | Reached XP level 4. HP: 27/27 MP: 4/4
  1847 | D:3      | Reached ** piety under Uskayaw
  1896 | D:3      | Noticed a necrophage
  1896 | D:3      | Noticed a centaur
  1910 | D:3      | Killed a centaur
  1910 | D:3      | Reached skill level 4 in Staves
  1910 | D:3      | Reached XP level 5. HP: 32/32 MP: 1/5
  1914 | D:3      | Reached *** piety under Uskayaw
  1916 | D:3      | Reached **** piety under Uskayaw
  1923 | D:3      | Reached ***** piety under Uskayaw
  1927 | D:3      | Killed a necrophage
  1927 | D:3      | Reached XP level 6. HP: 30/37 MP: 3/6
  2018 | D:3      | Reached skill level 5 in Staves
  2444 | D:4      | Reached XP level 7. HP: 32/42 MP: 7/7
  2521 | D:4      | Found a runed translucent gate.
  2521 | D:4      | Found a runed translucent gate.
  2521 | D:4      | Found a runed translucent gate.
  2521 | D:4      | Noticed stealthycow100's ghost (amateur TrBe)
  2646 | D:4      | Found an ancient bone altar of Kikubaaqudgha.
  2647 | D:4      | Reached skill level 1 in Invocations
  2647 | D:4      | Reached skill level 1 in Evocations
  2760 | D:4      | Found a shadowy altar of Dithmenos.
  2760 | D:4      | Found a sparkling altar of Nemelex Xobeh.
  2760 | D:4      | Found a hazy altar of Hepliaklqana.
  2760 | D:4      | Found a shimmering altar of Xom.
  3037 | D:5      | Entered Level 5 of the Dungeon
  3037 | D:5      | Noticed Edmund
  3038 | D:5      | Killed Edmund
  3455 | D:5      | Reached XP level 8. HP: 21/48 MP: 6/9
  3657 | D:5      | Reached skill level 6 in Staves
  4158 | D:5      | Found a white marble altar of Elyvilon.
  4169 | D:5      | Found a stormy altar of Qazlal.
  4254 | D:5      | Found a glowing silver altar of Zin.
  4457 | D:6      | Reached skill level 5 in Fighting
  4596 | D:6      | Noticed Grinder
  4599 | D:6      | Killed Grinder
  4613 | D:6      | Found a staircase to the Ecumenical Temple.
  5033 | D:7      | Reached skill level 7 in Staves
  5033 | D:7      | Reached XP level 9. HP: 54/54 MP: 11/11
  5071 | D:7      | Got a glittering glass ring
  5130 | D:7      | Found a bloodstained altar of Trog.
  5169 | D:7      | Reached skill level 5 in Armour
  5331 | D:7      | Found a basalt altar of Yredelemnul.
  5399 | D:7      | Noticed Prince Ribbit
  5426 | D:7      | Killed Prince Ribbit
  5668 | D:7      | Noticed a brown ugly thing
  5678 | D:7      | Killed a brown ugly thing
  5678 | D:7      | Reached skill level 8 in Staves
  5678 | D:7      | Reached skill level 5 in Dodging
  5822 | D:7      | Found an iron altar of Okawaru.
  6042 | D:7      | Identified the ring "Obru" {rF+ rN+} (You found it on level
                  | 7 of the Dungeon)
  6134 | D:8      | Reached XP level 10. HP: 60/60 MP: 13/13
  6154 | D:8      | Found a flagged portal.
  6163 | Bailey   | Entered a bailey
  6168 | Bailey   | Noticed an orc warlord
  6261 | Bailey   | Found a runed translucent gate.
  6264 | Bailey   | Found a runed translucent gate.
  6266 | Bailey   | Found a runed translucent gate.
  6784 | Bailey   | Killed an orc warlord
  6784 | Bailey   | Reached skill level 5 in Invocations
  7149 | D:8      | Reached skill level 9 in Staves
  7449 | D:8      | Noticed a death yak
  7471 | D:8      | Killed a death yak
  7632 | D:8      | Noticed a death yak
  7637 | D:8      | Noticed a death yak
  7677 | D:8      | Killed a death yak
  7677 | D:8      | Reached skill level 5 in Evocations
  7677 | D:8      | Reached XP level 11. HP: 35/67 MP: 6/15
  7685 | D:8      | Killed a death yak
  8125 | D:8      | Found a staircase to the Lair.
  8140 | D:8      | Identified the +5 hand axe "Qioceken" {elec, rF+ Str+4
                  | Stlth+}
  8177 | D:8      | Found a sacrificial altar of Ru.
  8266 | D:8      | Found Olobourph's General Store.
  8414 | Lair:1   | Entered Level 1 of the Lair of Beasts
  9004 | Lair:1   | Noticed a four-headed hydra
  9016 | Lair:1   | Killed a four-headed hydra
  9016 | Lair:1   | Reached skill level 10 in Staves
  9234 | Lair:1   | Noticed a five-headed hydra
  9252 | Lair:1   | Killed a five-headed hydra
 10256 | Lair:2   | Noticed a four-headed hydra
 10262 | Lair:2   | Killed a four-headed hydra
 10409 | Lair:2   | Noticed a five-headed hydra
 10422 | Lair:2   | Killed a five-headed hydra
 10422 | Lair:2   | Reached XP level 12. HP: 45/75 MP: 12/17
 10785 | Lair:3   | Found a staircase to the Snake Pit.
 10944 | Lair:3   | Noticed a five-headed hydra
 10950 | Lair:3   | Reached skill level 11 in Staves
 10950 | Lair:3   | Reached XP level 13. HP: 80/80 MP: 17/19
 12636 | Lair:3   | Reached skill level 12 in Staves
 13593 | Lair:4   | Found a staircase to the Shoals.
 14562 | Lair:5   | Found a staircase to the Slime Pits.
 14563 | Lair:5   | Found a viscous altar of Jiyva.
 14742 | Lair:6   | Entered Level 6 of the Lair of Beasts
 15908 | Lair:5   | Found a staircase to the Slime Pits.
 15909 | Lair:5   | Found a viscous altar of Jiyva.
 16000 | Lair:5   | Slain by a catoblepas

Levels and vault maps discovered:
D:1:      dpeg_arrival_simpleton_b, layout_basic
D:2:      layout_basic, lemuel_round_altar
D:3:      layout_rooms, minmay_divided_ellipse
D:4:      layout_rooms, grunt_temple_overflow_open, ebering_ghost_rock_garden,
          first_ration, kennysheep_dice
D:5:      layout_loops_ring, zin_treasury, amethyst_overflow_temple_binary,
          uniq_edmund
D:6:      layout_loops_ring, temple_pool_b, uniq_grinder
D:7:      layout_cave_pods, okawaru_metal_pillars_1_2,
          yredelemnul_altar_generic, overflow_temple_1_default, serial_undead,
          serial_undead_e, serial_undead_c, serial_undead_b, serial_undead_c,
          grunt_ministairs_1, grunt_decor_cap, uniq_prince_ribbit1
D:8:      layout_gridville, lemuel_coloured_pillars_altar, dpeg_lair_monsters,
          serial_shops, shop, enter_bailey_6
Lair:1:   layout_regular_city
Lair:2:   layout_misc_corridors
Lair:3:   layout_regular_city, minmay_snake_entry_six_corridors,
          minmay_lair_oklob_items
Lair:4:   layout_gridlike, elwin_shoals_entry_rocks
Lair:5:   layout_misc_corridors, slime_altar_1, lemuel_fruit_tree
Lair:6:   gammafunk_lair_ancient_temple, layout_misc_corridors, basic_altar,
          portal_ice_cave_entry_ice_beasts

Skill      XL: |  1  2  3  4  5  6  7  8  9 10 11 12 13 |
---------------+----------------------------------------+-----
Armour         | 1 2 3 4 5 6 8 9 |  9.6
Fighting       | 3 4 5 6 7 8 9 |  9.8
Staves         | 4 5 7 8 9 10 11 12 | 12.5
Dodging        | 3 4 5 6 7 |  7.9
Invocations    | 2 3 4 6 7 8 9 |  9.1
Evocations     | 1 2 3 5 6 7 |  7.6
Throwing       | |  1.7

Action                   |  1- 3 |  4- 6 |  7- 9 | 10-12 | 13-15 || total
-------------------------+-------+-------+-------+-------+-------++-------
Melee: Quarterstaff      |   121 |   154 |   377 |   375 |   495 ||  1522
Throw: Throwing net      |       |     2 |     1 |       |       ||     3
Invok: Stomp             |     1 |     2 |     7 |    15 |    22 ||    47
       Line Pass         |       |       |     2 |     9 |     5 ||    16
Evoke: Wand              |       |       |     8 |    31 |     3 ||    42
       Lamp of fire      |       |       |       |     1 |     2 ||     3
  Use: Scroll            |       |     1 |    12 |     3 |     2 ||    18
       Potion            |       |       |     3 |    14 |     1 ||    18
 Stab: Paralysed         |       |     1 |     7 |     8 |    15 ||    31
       Invisible         |       |       |       |     2 |       ||     2
       Confused          |       |       |       |     1 |     1 ||     2
       Petrified         |       |       |       |       |     2 ||     2
  Eat: Ration            |       |     1 |       |     5 |     3 ||     9
       Chunk             |       |     2 |    13 |     5 |    11 ||    31
Armor: Chain mail        |    94 |   117 |   220 |    42 |       ||   473
       Leather armour    |     5 |       |       |       |       ||     5
       Plate armour      |       |       |       |   218 |   373 ||   591
Dodge: Dodged            |    64 |    71 |   156 |   182 |   296 ||   769

Table legend:
 A = Non-vault XP
 B = Vault XP
 C = Vault XP percentage of total XP
 D = Non-vault monster count
 E = Vault monster count
 F = Vault count percentage of total count
                 A         B        C        D         E       F
            +---------+---------+-------+---------+---------+-------
      Total |   25631 |    8717 |  25.4 |     230 |      66 |  22.3
            +---------+---------+-------+---------+---------+-------
        D:1 |      27 |       0 |   0.0 |      15 |       0 |   0.0
        D:2 |      56 |       0 |   0.0 |      13 |       0 |   0.0
        D:3 |      21 |     366 |  94.6 |       9 |      12 |  57.1
        D:4 |     385 |       0 |   0.0 |      21 |       0 |   0.0
        D:5 |     804 |     154 |  16.1 |      22 |       1 |   4.3
        D:6 |     236 |     277 |  54.0 |      10 |       1 |   9.1
        D:7 |    1673 |     587 |  26.0 |      26 |       5 |  16.1
        D:8 |    1033 |    3063 |  74.8 |      24 |       5 |  17.2
     Lair:1 |    4014 |       0 |   0.0 |      12 |       0 |   0.0
     Lair:2 |    4089 |       0 |   0.0 |      15 |       0 |   0.0
     Lair:3 |    3756 |    1929 |  33.9 |      22 |      14 |  38.9
     Lair:4 |    4546 |     418 |   8.4 |      20 |       1 |   4.8
     Lair:5 |    4991 |       0 |   0.0 |      21 |       0 |   0.0
     Bailey |       0 |    1923 | 100.0 |       0 |      27 | 100.0
            +---------+---------+-------+---------+---------+-------
